 Dungeon Crawl Stone Soup version 0.27-a0-1144-g0b7d3b79db (webtiles) character file.

Game seed: 5542719811815176159

41 robertstho the Skirmisher (level 3, -7/34 HPs)
             Began as a Minotaur Berserker on May 10, 2021.
             Was a Believer of Trog.
             Mangled by Sigmund
             ... wielding a +0 scythe
              (8 damage)
             ... on level 2 of the Dungeon.
             The game lasted 00:01:19 (1141 turns).

robertstho the Skirmisher (Minotaur Berserker)      Turns: 1141, Time: 00:01:22

Health: -7/34      AC:  5    Str: 23    XL:     3   Next: 32%
Magic:  11/11      EV: 11    Int:  7    God:    Trog [**....]
Gold:   42         SH:  0    Dex:  9    Spells: 2/2 levels left

rFire    . . .     SeeInvis .   a - +0 hand axe
rCold    . . .     Faith    .   (no shield)
rNeg     . . .     Spirit   .   h - +0 ring mail
rPois    .         Reflect  .   (helmet restricted)
rElec    .         Harm     .   (no cloak)
rCorr    .         Rampage  .   (no gloves)
Will     .....                  (no boots)
Stlth    ..........             (no amulet)
HPRegen  0.11/turn              g - ring of magical power
MPRegen  0.12/turn              (no ring)

@: on berserk cooldown, slowed, very slow
A: horns 2, retaliatory headbutt, clever 1, strong 1, MP-powered wands
a: Renounce Religion, Berserk, Trog's Hand


You were on level 2 of the Dungeon.
You worshipped Trog.
Trog was pleased with you.
You visited 1 branch of the dungeon, and saw 2 of its levels.

You collected 42 gold pieces.

Inventory:

Hand Weapons
 a - a +0 hand axe (weapon)
Armour
 h - a +0 ring mail (worn)
Jewellery
 g - a ring of magical power (left hand)
Scrolls
 b - a scroll of identify {unknown}
 e - 2 scrolls of teleportation
Potions
 c - a potion of mutation
 f - a potion of curing {unknown}


   Skills:
 * Level 4.5 Fighting
 + Level 4.2 Axes
 * Level 2.7 Armour
 + Level 2.5 Dodging


You had 2 spell levels left.
You didn't know any spells.
Your spell library was empty.

Dungeon Overview and Level Annotations

Branches:
Dungeon (2/15)

Altars:

Annotations:
D:2 Sigmund


Innate Abilities, Weirdness & Mutations

You have a pair of horns on your head.
You reflexively headbutt those who attack you in melee.
Your mind is acute. (Int +2)
Your muscles are strong. (Str +2)
You expend magic power (3 MP) to strengthen your wands.


Message History

Unknown command.
No target in view!
Unknown command.
No target in view!
Unknown command.
No target in view!
A hobgoblin comes into view.
Things that are here:
a +0 whip; a +0 club; a goblin corpse You feel a strong urge to attack something.
You miss something. Something hits you.
You slash something!
You hear some strange, mumbled words.
You are confused.
Things that are here:
a +0 whip; a +0 club; a goblin corpse You feel a strong urge to attack something.
You are no longer berserk.
You are exhausted.
You feel yourself slow down. Something hits you.
A ball python comes into view.
You hear some strange, mumbled words.
A magic dart appears from out of thin air!
The magic dart hits you. The hobgoblin hits you.
You enter the shallow water.
Moving in this stuff is going to be slow.
Something hits you.
* * * LOW HITPOINT WARNING * * *
The hobgoblin hits you but does no damage.
Something hits you!
* * * LOW HITPOINT WARNING * * *
The hobgoblin hits you but does no damage.
Something hits you but does no damage.
It was a potion of mutation.
You feel extremely strange.
You feel stronger.
You feel your magical essence link to the dungeon's wands.
You feel clever.
You feel less confused. The hobgoblin barely misses you. Something hits you!
You die...

#.#...... #........ #.
......#.# #........
#.####.#.#.#.# #........
......#.).#.###......<.
......#.†.....#........
####.....)...#.#........
........{...##.##.......
.......g...###..........
.......@≈..# #####......
......≈S.≈.# #.....#
..≈≈..≈..≈≈≈# ####.##
.≈..≈..≈..≈≈≈# #.#
.≈..≈⌠.≈...≈≈# #.#
..≈.⌠≈..≈..≈≈# #.#
..≈..≈..≈..≈≈# ####.#
≈..≈..≈≈...≈## #....#
#.####


You could see a hobgoblin and a ball python.

Vanquished Creatures
  A dart slug (D:1)
  3 ball pythons
  3 endoplasms (D:1)
  2 giant cockroaches (D:1)
  6 goblins
  A hobgoblin (D:1)
  4 jackals (D:2)
  4 quokkas (D:1)
  5 bats (D:1)
  2 frilled lizards (D:1)
  2 kobolds
  2 rats (D:1)
35 creatures vanquished.

Vanquished Creatures (others)
  A plant (D:2)
1 creature vanquished.

Grand Total: 36 creatures vanquished

Notes
Turn   | Place    | Note
-------+----------+-------------------------------------------
     0 | D:1      | robertstho the Minotaur Berserker began the quest for the
                  | Orb.
     0 | D:1      | Reached XP level 1. HP: 19/19 MP: 0/0
   269 | D:1      | Reached XP level 2. HP: 26/27 MP: 1/1
   582 | D:1      | Reached ** piety under Trog
   666 | D:1      | Reached XP level 3. HP: 34/34 MP: 2/2
  1123 | D:2      | Noticed Sigmund
  1140 | D:2      | HP: 1/34 [something (8)]
  1141 | D:2      | Gained mutation: Your muscles are strong. (Str +2) [potion
                  | of mutation]
  1141 | D:2      | Gained mutation: You expend magic power (3 MP) to
                  | strengthen your wands. [potion of mutation]
  1141 | D:2      | Gained mutation: Your mind is acute. (Int +2) [potion of
                  | mutation]
  1141 | D:2      | Mangled by Sigmund

Illustrated notes

Levels and vault maps discovered:
D:1:      co_arrival_square_in_a_square_in_a_square, layout_loops_ring
D:2:      cheibrodos_helix_gallery, layout_basic,
          shapermc_ecumenical_altar_mp_urbaneastern, basic_altar, serial_forest,
          infiniplex_forest_clump_diagonal, infiniplex_forest_straight_2,
          infiniplex_forest_clump_double, infiniplex_forest_clump_C,
          infiniplex_forest_lined_room_, infiniplex_forest_pool,
          infiniplex_forest_end_2, minmay_small_reverse_x, uniq_sigmund

Skill      XL: |  1  2 |
---------------+-------+-----
Fighting       | 4 |  4.5
Axes           | 4 |  4.2
Armour         | |  2.7
Dodging        | |  2.5

Action                   || total
-------------------------++-------
Melee: Hand axe          ||    57
       Headbutt          ||     8
Invok: Berserk           ||     1
  Use: Scroll            ||     2
       Potion            ||     1
Armor: Animal skin       ||    11
       Ring mail         ||     9
Dodge: Dodged            ||    50

Table legend: (Time is in decaauts)
 A = Elapsed time spent in this place.
 B = Non-inter-level travel time spent in this place.
 C = Inter-level travel time spent in this place.
 D = Time resting spent in this place.
 E = Time spent auto-exploring this place.
 F = Levels seen in this place.
 G = Mean time per level.
                   A        B        C        D        E       F      G
               +--------+--------+--------+--------+--------+-----+--------+
         Total |   1142 |   1114 |     28 |      0 |    927 |   2 |  571.0 |
       Dungeon |   1142 |   1114 |     28 |      0 |    927 |   2 |  571.0 |
               +--------+--------+--------+--------+--------+-----+--------+

Top non-repeatable levels by time:
     D:1: 1067 daAuts
     D:2: 75 daAuts
